 Dungeon Crawl Stone Soup version 0.31-a0-1178-gc5c9b8f871 (webtiles) character file.

Game seed: 17881011504137818044

6602 qw the Skirmisher (level 11, -4/69 HPs)
             Began as a Gargoyle Hunter on Dec 11, 2023.
             Was a High Priest of Okawaru.
             Shot with an arrow by a centaur warrior (6 damage)
             ... on level 8 of the Dungeon.
             The game lasted 00:03:50 (6941 turns).

qw the Skirmisher (Gargoyle Hunter)                 Turns: 6941, Time: 00:03:51

Health: -4/69      AC: 15    Str: 16    XL:     11   Next: 2%
Magic:  18/18      EV: 18    Int:  9    God:    Okawaru [*****.]
Gold:   171        SH:  0    Dex: 17    Spells: 10/10 levels left

rFire   . . .        p - +0 orcbow
rCold   . . .        (shield currently unavailable)
rNeg    + . .        c - +2 leather armour {rPois}
rPois   inf          b - +0 helmet
rElec   +            (no cloak)
rCorr   .            (no gloves)
SInv    .            l - +0 pair of boots
Will    .....        d - amulet of the acrobat
Stlth   ++           e - +5 ring of evasion
HPRegen 0.31/turn    (no ring)
MPRegen 0.16/turn

%: acrobat
@: about to teleport
A: sickness immunity, AC +8, negative energy resistance 1, electricity
resistance, torment resistance 1, petrification resistance
a: Renounce Religion, Heroism, Finesse, Duel


You were on level 8 of the Dungeon.
You worshipped Okawaru.
Okawaru was extremely pleased with you.
You visited 1 branch of the dungeon, and saw 8 of its levels.
You also visited: Ossuary.

You collected 380 gold pieces.
You spent 209 gold pieces at shops.


Innate Abilities, Weirdness & Mutations

You are immune to sickness and miasma.
Your stone body is resilient. (AC +8)
You are immune to poison.
You resist negative energy. (rN+)
You are resistant to electric shocks. (rElec)
You are resistant to unholy torment.
You are immune to petrification.


   Skills:
 - Level 8.4 Fighting
 + Level 11.6 Ranged Weapons
 - Level 2.0 Armour
 - Level 3.0 Dodging
 - Level 1.1 Stealth
 + Level 9.8 Invocations


You had 10 spell levels left.
You didn't know any spells.
Your spell library was empty.

Inventory:

Hand Weapons
 p - a +0 orcbow (weapon)
Armour
 b - a +0 helmet (worn)
 c - a +2 leather armour of poison resistance (worn)
 l - a +0 pair of boots (worn)
Jewellery
 d - an amulet of the acrobat (around neck)
 e - a +5 ring of evasion (left hand)
 n - an amulet of reflection
 q - a ring of ice
 s - a ring of resist corrosion
Wands
 i - a wand of acid (9)
 j - a wand of digging (7)
 r - a wand of iceblast (6)
Scrolls
 f - 2 scrolls of teleportation
 o - 3 scrolls of identify
Potions
 a - a potion of magic {unknown}
 g - 2 potions of might
 h - 3 potions of heal wounds
 k - a potion of haste
 m - a potion of mutation

Dungeon Overview and Level Annotations

Branches:
Dungeon (8/15)             Temple (0/1) D:4         Ossuary (visited)
   Lair: D:8-11

Altars:
Ashenzari
Kikubaaqudgha
Nemelex Xobeh
Okawaru
Qazlal
Ru
Sif Muna
Vehumet
Xom
Yredelemnul
The Shining One

Shops:
D:4 [!=   D:5 ?(**:


Message History

The centaur warrior unwields a +2 hand axe of electrocution.
It stops crackling.
The centaur warrior wields a +0 shortbow.
The centaur warrior shoots an arrow.
The arrow closely misses you.
You shoot an arrow.
The arrow barely misses the centaur warrior.
The centaur warrior shoots an arrow.
The arrow hits you.
You shoot an arrow. The arrow hits the centaur warrior.
The centaur warrior is lightly wounded.
The centaur warrior shoots an arrow.
The arrow hits you.
You shoot an arrow.
The arrow hits the centaur warrior but does no damage.
The centaur warrior is lightly wounded.
The centaur warrior shoots an arrow.
The arrow hits you.
You shoot an arrow. The arrow hits the centaur warrior.
The centaur warrior is lightly wounded.
You shoot an arrow. The arrow hits the centaur warrior!
The centaur warrior is moderately wounded.
The centaur warrior shoots an arrow.
The arrow hits you!
You shoot an arrow. The arrow hits the centaur warrior!
The centaur warrior is heavily wounded.
The centaur warrior shoots an arrow.
The arrow hits you.
The centaur warrior shoots an arrow.
The arrow hits you!
You shoot an arrow. The arrow hits the centaur warrior!
The centaur warrior is severely wounded.
The centaur warrior shoots an arrow.
The arrow hits you!
You shoot an arrow.
The arrow closely misses the centaur warrior.
The centaur warrior shoots an arrow.
The arrow misses you.
The centaur warrior shoots an arrow.
The arrow misses you.
A troll comes into view.
You shoot an arrow. The arrow hits the troll.
The troll is lightly wounded.
The troll bites you. The troll claws you. The troll misses you.
6941 ||| READING 3 scrolls of teleportation.
As you read the scroll of teleportation, it crumbles to dust.
You feel strangely unstable.
The centaur warrior shoots an arrow.
The arrow hits you!
The centaur warrior shoots an arrow.
The arrow hits you.
You die...

# #. #. ###
.# .. .. .#
#. #. .# . #
.#c#.#
#.#!.###.T#.#
#.#....@#.#
## ..
#.#####.# .#
. #.....## .
.# # .
###.### . .##
#.
#.#.....#.#
#.# #.
#.#...#.#.#
#.###.
#.........#
#...)#
#.#.#...#.#
#.#...
#.#.)[).#.#
##.###.


You could see a centaur warrior and a troll.

Vanquished Creatures
  A boulder beetle (D:6)
  2 two-headed ogres (D:8)
  Grinder (D:6)
  2 wyverns (D:8)
  A yak (D:6)
  A basilisk (D:8)
  Eustachio (D:5)
  2 steam dragons (D:8)
  Edmund (D:4)
  A water moccasin (D:8)
  3 orc warriors
  2 sky beasts
  A black bear (D:6)
  An ice beast (D:7)
  3 ogres
  2 centaurs (D:8)
  2 phantoms
  2 kobold brigands
  6 scorpions
  4 bullfrogs
  9 wights
  2 howler monkeys
  7 hounds
  A jelly (D:6)
  2 sleepcaps
  4 orc priests
  5 iguanas
  9 orc wizards
  3 mummies (Ossuary)
  6 adders
  2 ufetubi (D:6)
  An adder zombie (Ossuary)
  A worm (D:3)
  2 dart slugs
  27 orcs
  5 bats
  6 endoplasms
  4 giant cockroaches
  2 goblins
  4 hobgoblins
  3 quokkas
  10 ball pythons
  5 frilled lizards
  A goblin zombie (Ossuary)
  3 hobgoblin zombies (Ossuary)
  9 kobolds
  2 kobold zombies (Ossuary)
  An orc zombie (Ossuary)
  4 quokka zombies (Ossuary)
  3 rats
  6 rat zombies (Ossuary)
188 creatures vanquished.

Vanquished Creatures (others)
  A wight (D:8)
1 creature vanquished.

Grand Total: 189 creatures vanquished

Notes
Turn   | Place    | Note
-------+----------+-------------------------------------------
     0 | D:1      | qw the Gargoyle Hunter began the quest for the Orb.
     0 | D:1      | Reached XP level 1. HP: 12/12 MP: 1/1
     0 | D:1      | 0 ||| qw: Version: 0.3-a-106-g2cfff9e
     0 | D:1      | 0 ||| qw: Game counter: 1983
     0 | D:1      | 0 ||| qw: Melee chars always use a shield: true
     0 | D:1      | 0 ||| qw: God list: Okawaru
     0 | D:1      | 0 ||| qw: Allow faded altars: false
     0 | D:1      | 0 ||| qw: Do Orc after clearing Dungeon:15 true
     0 | D:1      | 0 ||| qw: Do second Lair branch before Depths: true
     0 | D:1      | 0 ||| qw: Lair rune preference: random
     0 | D:1      | 0 ||| qw: Goals: Normal, Save, Zot:1-4, Win
     0 | D:1      | 0 ||| PLANNING D:1-11
   254 | D:1      | Reached XP level 2. HP: 17/17 MP: 2/2
   807 | D:1      | 807 ||| DROPPING scarf of harm.
   808 | D:1      | 808 ||| UPGRADING to +0 ring mail.
   818 | D:1      | 818 ||| DROPPING +0 leather armour.
   819 | D:1      | 819 ||| UPGRADING to amulet of the acrobat.
   824 | D:1      | 824 ||| READING 2 scrolls labelled JYLUPL CEBOMP.
   825 | D:1      | 825 ||| READING scroll labelled BIOLEGAGUF.
   829 | D:1      | 829 ||| DROPPING scroll of butterflies.
   830 | D:1      | 830 ||| DROPPING scroll of poison.
   925 | D:2      | Reached skill level 1 in Armour
   925 | D:2      | Reached XP level 3. HP: 21/21 MP: 3/3
  1123 | D:2      | Found a glowing golden altar of the Shining One.
  1521 | D:2      | 1521 ||| UPGRADING to +0 helmet.
  1526 | D:2      | 1526 ||| READING scroll labelled FEUCASAF EJOGYSK.
  1527 | D:2      | 1527 ||| READING scroll labelled GEOCOO ORROTTO.
  1527 | D:2      | 1527 ||| BRANDING +0 shortbow.
  1528 | D:2      | 1528 ||| READING scroll labelled SEANIZEZEDGH.
  1684 | D:3      | Found a stormy altar of Qazlal.
  1686 | D:3      | Noticed a water elemental
  1686 | D:3      | Noticed a fire elemental
  1687 | D:3      | Noticed an air elemental
  1687 | D:3      | Noticed an earth elemental
  1714 | D:3      | Found an iron altar of Okawaru.
  1715 | D:3      | 1715 ||| PLANNING OKAWARU WORSHIP
  1735 | D:3      | Became a worshipper of Warmaster Okawaru
  1736 | D:3      | 1736 ||| PLANNING D:1-11
  1748 | D:3      | Noticed a phantom
  1755 | D:3      | Killed a phantom
  1756 | D:3      | Reached skill level 5 in Ranged Weapons
  1756 | D:3      | Reached XP level 4. HP: 26/26 MP: 4/4
  1756 | D:3      | Reached XP level 5. HP: 30/30 MP: 5/5
  1995 | D:3      | Found an ancient bone altar of Kikubaaqudgha.
  2166 | D:3      | Reached skill level 3 in Fighting
  2204 | D:3      | 2204 ||| UPGRADING to +5 ring of evasion.
  2205 | D:3      | 2205 ||| READING scroll labelled QOLORI FAPAEL.
  2206 | D:3      | 2206 ||| READING scroll labelled VAL SEKLISOUPI.
  2246 | D:4      | Reached skill level 6 in Ranged Weapons
  2311 | D:4      | Noticed an ogre
  2315 | D:4      | Killed an ogre
  2315 | D:4      | Reached * piety under Okawaru
  2316 | D:4      | Reached XP level 6. HP: 39/39 MP: 6/6
  2372 | D:4      | Reached skill level 1 in Invocations
  2398 | D:4      | Reached XP level 7. HP: 44/44 MP: 8/8
  2405 | D:4      | Found a staircase to the Ecumenical Temple.
  2416 | D:4      | Found Riesemar's Jewellery Shoppe.
  2422 | D:4      | 2422 ||| SHOPLISTING +4 ring of protection (504 gold, have
                  | 150).
  2422 | D:4      | 2422 ||| SHOPLISTING amulet of faith (560 gold, have 150).
  2422 | D:4      | 2422 ||| SHOPLISTING amulet of reflection (420 gold, have
                  | 150).
  2422 | D:4      | 2422 ||| SHOPLISTING ring "Oloexof" {rCorr Str+2 Dex+3
                  | Slay+5} (819 gold, have 150).
  2422 | D:4      | 2422 ||| SHOPLISTING ring of positive energy (280 gold,
                  | have 150).
  2422 | D:4      | 2422 ||| SHOPLISTING ring of protection from fire (350
                  | gold, have 150).
  2422 | D:4      | 2422 ||| SHOPLISTING ring of willpower (350 gold, have
                  | 150).
  2430 | D:4      | Found Owny Non's Distillery.
  2465 | D:4      | Found Wojuih's Armour Shop.
  2472 | D:4      | 2472 ||| BUYING potion of heal wounds (50 gold).
  2472 | D:4      | Bought a potion of heal wounds for 50 gold pieces
  2472 | D:4      | 2472 ||| BUYING potion of mutation (80 gold).
  2472 | D:4      | Bought a potion of mutation for 80 gold pieces
  2472 | D:4      | 2472 ||| SHOPLISTING potion of mutation (80 gold, have 34).
  2474 | D:4      | 2474 ||| SHOPLISTING +0 pair of gloves (49 gold, have 34).
  2474 | D:4      | 2474 ||| SHOPLISTING +2 robe (139 gold, have 34).
  2508 | D:4      | Reached skill level 3 in Invocations
  2515 | D:4      | Reached skill level 7 in Ranged Weapons
  2572 | D:4      | Noticed Edmund
  2585 | D:4      | Killed Edmund
  2585 | D:4      | Reached ** piety under Okawaru
  2714 | D:4      | You fall into a shaft and drop 1 floor!
  2714 | D:5      | Entered Level 5 of the Dungeon
  2714 | D:5      | Found Vukeloor's Antique Weapon Shop.
  2714 | D:5      | Found Jasobuyd's Assorted Antiques.
  2715 | D:5      | 2715 ||| PLANNING SEWER
  2716 | D:5      | 2716 ||| SHOPLISTING arbalest (103 gold, have 55).
  2718 | D:5      | 2718 ||| DRINKING smoky white potion.
  2719 | D:5      | 2719 ||| DRINKING coppery potion.
  2757 | D:5      | 2757 ||| SHOPLISTING cloak (130 gold, have 55).
  2757 | D:5      | 2757 ||| BUYING scroll labelled NAOPSU ULEUGGUEPS (29
                  | gold).
  2757 | D:5      | Bought a scroll labelled NAOPSU ULEUGGUEPS for 29 gold
                  | pieces
  2757 | D:5      | 2757 ||| BUYING sedimented orange potion (26 gold).
  2757 | D:5      | Bought a sedimented orange potion for 26 gold pieces
  2784 | D:5      | Reached XP level 8. HP: 37/48 MP: 11/11
  2911 | D:5      | Reached skill level 8 in Ranged Weapons
  2959 | D:5      | Found Xovoumn's Magic Scroll Shop.
  2966 | D:5      | 2966 ||| SHOPLISTING 2 scrolls of enchant weapon (225 gold,
                  | have 25).
  2966 | D:5      | 2966 ||| SHOPLISTING 3 scrolls of identify (90 gold, have
                  | 25).
  2966 | D:5      | 2966 ||| SHOPLISTING scroll of brand weapon (142 gold, have
                  | 25).
  2966 | D:5      | 2966 ||| SHOPLISTING scroll of teleportation (45 gold, have
                  | 25).
  2987 | D:5      | Noticed Eustachio
  2990 | D:5      | 2990 ||| Stepping ~*~*~tactically~*~*~ (retreating).
  2991 | D:5      | 2991 ||| Stepping ~*~*~tactically~*~*~ (retreating).
  2993 | D:5      | 2993 ||| Stepping ~*~*~tactically~*~*~ (retreating).
  2997 | D:5      | 2997 ||| Stepping ~*~*~tactically~*~*~ (retreating).
  3055 | D:5      | Killed Eustachio
  3171 | D:5      | Found a broken altar of Ashenzari.
  3211 | D:5      | Found Qyagan's Assorted Antiques.
  3217 | D:5      | 3217 ||| SHOPLISTING brass ring (135 gold, have 25).
  3217 | D:5      | 3217 ||| BUYING dark potion (24 gold).
  3217 | D:5      | Bought a dark potion for 24 gold pieces
  3217 | D:5      | 3217 ||| SHOPLISTING transparent amber ring (135 gold, have
                  | 1).
  3252 | D:5      | Found a shimmering blue altar of Sif Muna.
  3286 | D:5      | Found Riliyxom's Book Emporium.
  3315 | D:5      | 3315 ||| RIP SEWER
  3369 | D:5      | 3369 ||| PLANNING D:1-11
  3369 | D:5      | 3369 ||| FLEEEEING.
  3370 | D:5      | 3370 ||| FLEEEEING.
  3371 | D:5      | 3371 ||| FLEEEEING.
  3372 | D:5      | 3372 ||| FLEEEEING.
  3373 | D:5      | 3373 ||| FLEEEEING.
  3374 | D:5      | 3374 ||| FLEEEEING.
  3376 | D:5      | 3376 ||| FLEEEEING.
  3377 | D:5      | 3377 ||| FLEEEEING.
  3378 | D:5      | 3378 ||| FLEEEEING.
  3379 | D:5      | 3379 ||| FLEEEEING.
  3380 | D:5      | 3380 ||| FLEEEEING.
  3381 | D:5      | 3381 ||| FLEEEEING.
  3382 | D:5      | 3382 ||| FLEEEEING.
  3383 | D:5      | 3383 ||| FLEEEEING.
  3384 | D:5      | 3384 ||| FLEEEEING.
  3385 | D:5      | 3385 ||| FLEEEEING.
  3386 | D:5      | 3386 ||| FLEEEEING.
  3387 | D:5      | 3387 ||| FLEEEEING.
  3392 | D:5      | 3392 ||| STAIRDANCE
  3690 | D:4      | 3690 ||| UPGRADING to +0 pair of boots.
  3695 | D:4      | 3695 ||| READING 3 scrolls labelled NAOPSU ULEUGGUEPS.
  3696 | D:4      | 3696 ||| READING scroll labelled VERAME LYA.
  3697 | D:4      | 3697 ||| READING 3 scrolls labelled CUMUACEYTA.
  3697 | D:4      | 3697 ||| IDENTIFYING sedimented orange potion
  3698 | D:4      | 3698 ||| READING 2 scrolls of identify.
  3698 | D:4      | 3698 ||| IDENTIFYING dark potion
  3699 | D:4      | 3699 ||| DROPPING 2 scrolls of amnesia.
  3700 | D:4      | 3700 ||| DROPPING potion of berserk rage.
  3861 | D:5      | 3861 ||| FLEEEEING.
  3862 | D:5      | 3862 ||| FLEEEEING.
  4038 | D:6      | 4038 ||| PLANNING OSSUARY
  4102 | D:6      | Reached *** piety under Okawaru
  4179 | D:6      | Reached skill level 9 in Ranged Weapons
  4235 | D:6      | Found a sand-covered staircase.
  4236 | D:6      | 4236 ||| UPGRADING to +2 leather armour of poison
                  | resistance.
  4246 | D:6      | 4246 ||| DROPPING +0 ring mail.
  4255 | Ossuary  | Entered an ossuary
  4269 | Ossuary  | Reached skill level 6 in Fighting
  4478 | D:6      | 4478 ||| PLANNING D:1-11
  4649 | D:6      | Found a radiant altar of Vehumet.
  4706 | D:6      | Reached XP level 9. HP: 52/55 MP: 12/12
  4786 | D:6      | 4786 ||| Stepping ~*~*~tactically~*~*~ (retreating).
  4787 | D:6      | 4787 ||| Stepping ~*~*~tactically~*~*~ (retreating).
  4801 | D:6      | Reached skill level 10 in Ranged Weapons
  4807 | D:6      | Noticed Grinder
  4815 | D:6      | 4815 ||| RETREEAATING.
  4816 | D:6      | 4816 ||| Stepping ~*~*~tactically~*~*~ (retreating).
  4817 | D:6      | 4817 ||| Stepping ~*~*~tactically~*~*~ (retreating).
  4818 | D:6      | 4818 ||| Stepping ~*~*~tactically~*~*~ (retreating).
  4819 | D:6      | 4819 ||| Stepping ~*~*~tactically~*~*~ (retreating).
  4831 | D:6      | Reached **** piety under Okawaru
  4840 | D:6      | Reached skill level 3 in Dodging
  4853 | D:6      | 4853 ||| FLEEEEING.
  4854 | D:6      | 4854 ||| FLEEEEING.
  4854 | D:6      | Paralysed by Grinder for 3 turns
  4879 | D:6      | Killed Grinder
  4934 | D:6      | Noticed a boulder beetle
  4940 | D:6      | 4940 ||| Stepping ~*~*~tactically~*~*~ (retreating).
  4948 | D:6      | 4948 ||| Stepping ~*~*~tactically~*~*~ (retreating).
  5015 | D:6      | Killed a boulder beetle
  5015 | D:6      | Reached ***** piety under Okawaru
  5016 | D:6      | Reached skill level 6 in Invocations
  5031 | D:6      | 5031 ||| READING 2 scrolls of identify.
  5031 | D:6      | 5031 ||| IDENTIFYING yellow potion
  5190 | D:7      | Reached XP level 10. HP: 61/64 MP: 15/15
  5224 | D:7      | Found a sacrificial altar of Ru.
  6041 | D:8      | Noticed a two-headed ogre
  6042 | D:8      | 6042 ||| Stepping ~*~*~tactically~*~*~ (retreating).
  6145 | D:8      | Noticed a two-headed ogre
  6154 | D:8      | Killed a two-headed ogre
  6155 | D:8      | Reached skill level 11 in Ranged Weapons
  6183 | D:8      | Received a gift from Okawaru
  6206 | D:8      | HP: 15/64 [two-headed ogre/+0 giant club (11)]
  6207 | D:8      | 6207 ||| READING 3 scrolls of teleportation.
  6208 | D:8      | 6208 ||| DRINKING 4 potions of heal wounds.
  6384 | D:8      | Killed a two-headed ogre
  6559 | D:8      | Reached skill level 9 in Invocations
  6639 | D:8      | Found an iron altar of Okawaru.
  6640 | D:8      | Found a sparkling altar of Nemelex Xobeh.
  6710 | D:8      | Found a basalt altar of Yredelemnul.
  6710 | D:8      | Found a shimmering altar of Xom.
  6716 | D:8      | 6716 ||| SWAPPING to +0 orcbow.
  6717 | D:8      | 6717 ||| DROPPING +0 shortbow of draining.
  6737 | D:8      | 6737 ||| Stepping ~*~*~tactically~*~*~ (retreating).
  6778 | D:8      | 6778 ||| FLEEEEING.
  6877 | D:8      | Reached XP level 11. HP: 69/69 MP: 18/18
  6930 | D:8      | Noticed a centaur warrior
  6940 | D:8      | HP: 17/69 [troll (6)]
  6941 | D:8      | 6941 ||| READING 3 scrolls of teleportation.
  6941 | D:8      | HP: 2/69 [centaur warrior/arrow (15)]
  6941 | D:8      | Shot with an arrow by a centaur warrior

Levels and vault maps discovered:
D:1:      dpeg_arrival_castle, layout_loops_corners, serial_glass,
          glass_columns_a, glass_columns_a, nicolae_titane
D:2:      layout_basic, basic_altar, minmay_misc_feat_nine_boxes
D:3:      layout_basic, nicolae_qazlal_style_of_elements, old_standard_altar,
          okawaru_ov_weapons_minmay
D:4:      layout_basic, minmay_temple_entry_trees, serial_shops, shop, shop,
          shop, uniq_edmund
D:5:      layout_cave_pools, mainiacjoe_overflow_brackets,
          kennysheep_orc_sif_temple, portal_sewer_entry_d, serial_shops,
          shop_fountains, shop, nicolae_stop_n_shop_1, nicolae_stop_n_shop_2,
          kennysheep_little_box, uniq_eustachio
D:6:      cheibrodos_barr_body, layout_basic, lemuel_coloured_pillars_altar,
          nicolae_ossuary_entry_ruins, hangedman_abyss_or_decor_passed,
          uniq_grinder
D:7:      layout_gridville, mainiacjoe_overflow_boulevard
D:8:      minmay_the_grid_octo_tiled_octocenter
          [minmay_the_grid_octo_thin_diamonds, minmay_the_grid_octo_concentric,
          minmay_the_grid_octo_shrine, minmay_the_grid_octo_fan_narrow,
          minmay_the_grid_octo_prize_big_c, minmay_the_grid_square_5x5_inner_i,
          minmay_the_grid_square_5x5_two_walls_a,
          minmay_the_grid_square_5x5_pentomino_r,
          minmay_the_grid_square_5x5_broken_cross], layout_basic, enter_bailey_5

Skill      XL: |  1  2  3  4  5  6  7  8  9 10 |
---------------+-------------------------------+-----
Armour         | 1 2 |  2.0
Ranged Weapons | 5 6 7 9 10 11 | 11.6
Fighting       | 4 6 7 8 |  8.4
Invocations    | 2 4 6 9 |  9.8
Dodging        | 2 3 |  3.0
Stealth        | |  1.1

Action                     |  1- 3 |  4- 6 |  7- 9 | 10-12 || total
---------------------------+-------+-------+-------+-------++-------
   Fire: Shortbow          |   108 |    62 |   565 |   225 ||   960
         Orcbow            |       |       |       |    40 ||    40
    Use: Scroll            |     5 |     2 |     5 |     2 ||    14
         Potion            |       |       |     2 |     1 ||     3
 Armour: Leather armour    |     4 |       |    54 |    78 ||   136
         Ring mail         |    27 |    12 |   111 |       ||   150
         Skin              |       |       |     9 |       ||     9
  Dodge: Dodged            |    32 |    17 |   291 |   143 ||   483

Table legend:
 A = Non-vault XP
 B = Vault XP
 C = Vault XP percentage of total XP
 D = Non-vault monster count
 E = Vault monster count
 F = Vault count percentage of total count
                 A         B        C        D         E       F
            +---------+---------+-------+---------+---------+-------
      Total |    4186 |    5246 |  55.6 |     132 |      57 |  30.2
            +---------+---------+-------+---------+---------+-------
        D:1 |      22 |       0 |   0.0 |      15 |       0 |   0.0
        D:2 |      29 |       0 |   0.0 |      12 |       0 |   0.0
        D:3 |     216 |       0 |   0.0 |      15 |       0 |   0.0
        D:4 |     611 |     171 |  21.9 |      25 |       1 |   3.8
        D:5 |     465 |     201 |  30.2 |      17 |       3 |  15.0
        D:6 |     652 |    2006 |  75.5 |      17 |      14 |  45.2
        D:7 |    1152 |       0 |   0.0 |      26 |       0 |   0.0
        D:8 |    1039 |    2785 |  72.8 |       5 |      18 |  78.3
    Ossuary |       0 |      83 | 100.0 |       0 |      21 | 100.0
            +---------+---------+-------+---------+---------+-------
